 Dungeon Crawl Stone Soup version 0.30.0-18-gc0e69614cb (webtiles) character file.

Game seed: 15422386000450630936

1684 Atelerd the Magician (level 9, 0/54 HPs)
             Began as an Octopode Earth Elementalist on May 23, 2023.
             Slain by a gnoll
             ... wielding a +0 whip
             ... led by a gnoll bouda
              (6 damage)
             ... on level 5 of the Dungeon.
             The game lasted 00:12:03 (6257 turns).

Atelerd the Magician (Octopode Earth Elementalist)  Turns: 6257, Time: 00:12:03

Health: 0/54       AC:  1    Str: 13    XL:     9   Next: 2%
Magic:  12/18      EV: 14    Int: 19    God:
Gold:   221        SH:  0    Dex: 15    Spells: 13/20 levels left

rFire   + . .        a - +4 short sword (drain)
rCold   . . .        (no shield)
rNeg    . . .        (helmet restricted)
rPois   .            (no amulet)
rElec   .            l - ring of protection from fire
rCorr   .            m - +6 ring of strength
SInv    .            (no ring)
Will    .....        (no ring)
Stlth   ++++         (no ring)
HPRegen 0.29/turn    (no ring)
MPRegen 0.16/turn    (no ring)
                     (no ring)

%: no passive effects
@: no status effects
A: almost no armour, amphibious, 8 rings, camouflage 1, gelatinous body 1,
(nimble swimmer 1), tentacles
a: no special abilities


You were on level 5 of the Dungeon.
You visited 1 branch of the dungeon, and saw 5 of its levels.
You also visited: Sewer and Ossuary.

You collected 221 gold pieces.

Inventory:

Hand Weapons
 a - a +4 short sword of draining (weapon)
 h - a +2 dagger of speed
Jewellery
 l - a ring of protection from fire (left tentacle)
 m - a +6 ring of strength (right tentacle)
Wands
 n - a wand of mindburst (7)
 s - a wand of flame (14)
Scrolls
 c - a scroll of amnesia
 e - a scroll of vulnerability
 g - a scroll of enchant armour
 j - a scroll of silence {unknown}
 o - 2 scrolls of teleportation
 p - 4 scrolls of enchant weapon
 t - 2 scrolls of magic mapping
 u - 2 scrolls of butterflies
 y - a scroll of blinking {unknown}
 A - 3 scrolls of fog {unknown}
Potions
 b - 4 potions of brilliance {unknown}
 d - 3 potions of haste {unknown}
 f - 5 potions of degeneration
 i - 3 potions of curing
 k - 3 potions of might {unknown}
 q - a potion of berserk rage {unknown}
 r - a potion of resistance {unknown}
 v - 3 potions of invisibility {unknown}
 w - 2 potions of attraction {unknown}
 x - a potion of cancellation {unknown}
 z - 2 potions of lignification
Miscellaneous
 B - a lightning rod (4/4)


   Skills:
 - Level 2.0 Fighting
 - Level 2.0 Short Blades
 + Level 4.1 Dodging
 + Level 6.2 Stealth
 + Level 6.4 Spellcasting
 + Level 0.9 Translocations
 - Level 3.0 Transmutations
 - Level 6.0 Earth Magic


You had 13 spell levels left.
You knew the following spells:

 Your Spells              Type           Power      Damage    Failure   Level
a - Sandblast             Erth           56%        2d13      1%          1
c - Blink                 Tloc           18%        N/A       11%         2
p - Petrify               Tmut/Erth      23%        N/A       17%         4

Your spell library contained the following spells:

 Spells                   Type           Power      Damage    Failure   Level
 Passwall                 Tmut/Erth      19%        N/A       2%          2
 Stone Arrow              Conj/Erth      34%        3d9       10%         3
 Lesser Beckoning         Tloc           18%        N/A       11%         2
 Momentum Strike          Conj/Tloc      14%        3d8       14%         2


Dungeon Overview and Level Annotations

Branches:
Dungeon (5/15)              Sewer (visited)         Ossuary (visited)
 Temple: D:4-7

Altars:
Elyvilon
Xom
The Shining One

Annotations:
D:2 exclusion: 2 downstairs
D:3 exclusion: downstairs


Innate Abilities, Weirdness & Mutations

You cannot wear most types of armour.
You are amphibious.
You can wear up to eight rings at the same time.
Your skin changes colour to match your surroundings (Stealth+).
Your rubbery body absorbs attacks. (AC +1, EV +1)
((You are camouflaged when in or above water. (Stealth+)))
You have tentacles for arms and can constrict up to eight enemies at once.


Message History

A gnoll comes into view. It is wielding a +0 whip.
The gnoll moves out of view.
The blast of sand hits the gnoll bouda but does no damage.
The gnoll bouda hits you with a +0 club!
The blast of sand hits the gnoll bouda!
The gnoll bouda is severely wounded.
The gnoll bouda closely misses you. x2
The blast of sand hits the gnoll bouda!
You kill the gnoll bouda!
The gnoll hits you with a +0 club.
You have reached level 9!
Your experience leads to an increase in your attributes!
Your base attributes are Str 7, Int 19, Dex 13.
Increase (S)trength, (I)ntelligence, or (D)exterity?
You feel agile. x2
The gnoll misses you.
You climb upwards.
There is a stone staircase leading down here.
The blast of sand hits the gnoll!
You kill the gnoll!
You can't see any susceptible monsters within range! (Use Z to cast anyway.)
You can't see any susceptible monsters within range! (Use Z to cast anyway.)
You can't see any susceptible monsters within range! (Use Z to cast anyway.)
You can't see any susceptible monsters within range! (Use Z to cast anyway.)
You can't see any susceptible monsters within range! (Use Z to cast anyway.)
You climb downwards.
The gnoll hits you with a +0 whip.
A centaur comes into view.
There is a stone staircase leading up, spattered with blood here.
The blast of sand hits the gnoll!
The gnoll is almost dead.
The centaur shouts!
You hear a shout!
The centaur wields a +0 shortbow.
The centaur shoots an arrow.
The arrow hits you! The gnoll hits you with a +0 whip.
The centaur shoots an arrow.
The arrow hits you! The gnoll hits you with a +0 whip.
* * * LOW HITPOINT WARNING * * *
The centaur shoots an arrow.
The arrow hits you!
* * * LOW HITPOINT WARNING * * *
The gnoll hits you with a +0 whip.
You die...

### #.. #.# #.#
#.# #g# #@# #[#
.# #.# .#
###)###.# #
#.......#.#.
#...........
#...........
##.###c...g....
................


You could see a centaur and a gnoll (swift).

Vanquished Creatures
  Grinder (Sewer)
  Sigmund (D:3)
  A black bear (D:4)
  An ogre (D:4)
  A kobold brigand (D:4)
  4 scorpions (D:4)
  A necrophage (Sewer)
  3 wights
  A human zombie (Ossuary)
  2 centaur zombies (Ossuary)
  An orc priest (D:3)
  A gnoll bouda (D:5)
  A hound (D:4)
  Ijyb (D:4)
  Terence (D:3)
  An iguana (D:4)
  Natasha (D:2)
  3 orc wizards
  2 mummies (Ossuary)
  Robin (D:3)
  2 gnolls
  4 adders
  3 shadow imps (Sewer)
  2 ufetubi (Sewer)
  2 worms
  3 dart slugs
  11 orcs
  11 ball pythons
  10 endoplasms
  A giant cockroach (D:1)
  A gnoll zombie (Ossuary)
  21 goblins
  8 hobgoblins
  4 jackals
  5 quokkas
  2 bats
  3 frilled lizards
  A giant cockroach zombie (Sewer)
  A hobgoblin zombie (Ossuary)
  18 kobolds
  3 kobold zombies
  2 orc zombies (Ossuary)
  2 rats (D:2)
149 creatures vanquished.

Notes
Turn   | Place    | Note
-------+----------+-------------------------------------------
     0 | D:1      | Atelerd the Octopode Earth Elementalist began the quest for
                  | the Orb.
     0 | D:1      | Reached XP level 1. HP: 11/11 MP: 3/3
   152 | D:1      | Reached XP level 2. HP: 13/17 MP: 1/5
   607 | D:1      | Reached XP level 3. HP: 21/21 MP: 4/6
  1638 | D:2      | Noticed Natasha
  1646 | D:2      | Killed Natasha
  1647 | D:2      | Reached XP level 4. HP: 25/27 MP: 3/7
  2087 | D:3      | Noticed Robin
  2206 | D:3      | Killed Robin
  2351 | D:3      | Found a glowing drain.
  2355 | D:3      | Reached XP level 5. HP: 16/30 MP: 5/8
  2363 | Sewer    | Entered a sewer
  2542 | Sewer    | Found an ancient bone altar of Kikubaaqudgha.
  2902 | Sewer    | Reached XP level 6. HP: 36/36 MP: 0/10
  3163 | Sewer    | Noticed Grinder
  3170 | Sewer    | Killed Grinder
  3171 | Sewer    | Reached skill level 5 in Stealth
  3171 | Sewer    | Reached skill level 5 in Earth Magic
  3171 | Sewer    | Reached XP level 7. HP: 29/41 MP: 6/12
  3653 | D:3      | Noticed Terence
  3653 | D:3      | Noticed Sigmund
  3660 | D:3      | Learned a level 4 spell: Petrify
  3663 | D:3      | Learned a level 2 spell: Blink
  3677 | D:3      | Killed Sigmund
  3678 | D:3      | Reached skill level 1 in Fighting
  3828 | D:3      | Found a shimmering altar of Xom.
  4023 | D:3      | Killed Terence
  4275 | D:4      | Reached skill level 1 in Short Blades
  4373 | D:4      | Found a white marble altar of Elyvilon.
  4379 | D:4      | Reached XP level 8. HP: 48/48 MP: 4/13
  4470 | D:4      | Noticed Ijyb
  4479 | D:4      | Killed Ijyb
  4885 | D:4      | Found a sand-covered staircase.
  4895 | Ossuary  | Entered an ossuary
  5302 | D:4      | Found a glowing golden altar of the Shining One.
  5573 | D:4      | Reached skill level 5 in Spellcasting
  6228 | D:5      | Entered Level 5 of the Dungeon
  6251 | D:5      | Reached XP level 9. HP: 41/54 MP: 13/18
  6257 | D:5      | Slain by a gnoll

Illustrated notes

Levels and vault maps discovered:
D:1:      minmay_arrival_glassed_features, layout_basic, minivault_26,
          grunt_decor_arrowhead
D:2:      minmay_kobold_bridge, layout_loops_corners, grunt_ministairs_13,
          uniq_natasha
D:3:      layout_loops_ring, overflow_temple_1_default, portal_sewer_entry_d,
          minmay_crystal_water, uniq_terence, uniq_sigmund, uniq_robin
D:4:      minmay_octagon_keep, layout_loops_cross, mainiacjoe_overflow_alcove_2,
          elyvilon_altar_5, lemuel_mausoleum_altar_yredelemnul, enter_ossuary_1,
          dk_noncrumbling_4, serial_bayou_pond_e, nicolae_nh_ransacked_shop,
          uniq_ijyb
D:5:      layout_basic, lightli_minifort, uniq_eustachio

Skill      XL: |  1  2  3  4  5  6  7  8 |
---------------+-------------------------+-----
Stealth        | 3 4 5 6 |  6.2
Transmutations | 2 3 |  3.0
Earth Magic    | 4 5 6 |  6.0
Dodging        | 3 4 |  4.1
Spellcasting   | 3 6 |  6.4
Fighting       | 1 2 |  2.0
Short Blades   | 1 2 |  2.0
Translocations | |  0.9

Action                     |  1- 3 |  4- 6 |  7- 9 || total
---------------------------+-------+-------+-------++-------
  Melee: Unarmed           |     2 |       |       ||     2
         Constrict         |     5 |     1 |    10 ||    16
         Short sword       |     3 |     4 |    33 ||    40
         Dagger            |     9 |     2 |       ||    11
         Tentacles         |     4 |       |     8 ||    12
   Cast: Sandblast         |    45 |    89 |   119 ||   253
         Petrify           |       |       |     8 ||     8
  Evoke: Wand              |       |     2 |     6 ||     8
    Use: Potion            |       |     7 |     1 ||     8
         Scroll            |       |     3 |     4 ||     7
   Stab: Sleeping          |     1 |     1 |     3 ||     5
         Petrified         |       |       |    11 ||    11
         Petrifying        |       |       |     1 ||     1
 Armour: Skin              |     2 |    32 |    10 ||    44
  Dodge: Dodged            |     9 |    57 |    53 ||   119
